 Dungeon Sprint DCSS version 0.23.2 (webtiles) character file.

Game seed: 7490855422924936063

23 Chiseanne the Magician (level 2, -8/23 HPs)
             Began as a Demonspawn Wanderer on Apr 8, 2019.
             Mangled by an ogre
             ... wielding a +0 giant spiked club
              (31 damage)
             ... in the Dungeon (Sprint I: "Red Sonja").
             The game lasted 00:01:29 (163 turns).

Chiseanne the Magician (Demonspawn Wanderer)         Turns: 163, Time: 00:01:30

Health: -8/23      AC:  2    Str: 10    XL:     2   Next: 72%
Magic:  4/6        EV: 11    Int: 17    God:
Gold:   0          SH:  0    Dex: 10    Spells: 7/8 levels left

rFire    . . .     SeeInvis .   b - +1 dagger (pain)
rCold    . . .     Gourm    .   (no shield)
rNeg     . . .     Faith    .   c - +0 robe
rPois    .         Spirit   .   (helmet restricted)
rElec    .         Reflect  .   (no cloak)
rCorr    .         Harm     .   (no gloves)
MR       .....     NoTele   +   (no boots)
Stlth    +.........             (no amulet)
HPRegen  0.07/turn              (no ring)
MPRegen  0.10/turn              (no ring)

@: no status effects
A: horns 1
a: no special abilities


You were in the Dungeon.
You were not hungry.

You visited 1 branch

Inventory:

Hand Weapons
 b - a +1 dagger of pain (weapon)
Armour
 a - a +0 ring mail
 c - a +0 robe (worn)
 d - a +0 shield
Scrolls
 k - a scroll of blinking
Potions
 e - a potion of curing
 g - a potion of heal wounds
 i - 2 potions of magic
Comestibles
 f - a ration
 h - 3 chunks of flesh


   Skills:
 + Level 2.9 Fighting
   Level 1.7 Crossbows
 - Level 1.0 Throwing
 - Level 1.0 Armour
 - Level 1.0 Shields
 * Level 3.9 Spellcasting
 - Level 2.0 Conjurations
   Level 2.6 Transmutations


You had 7 spell levels left.
You knew the following spells:

 Your Spells              Type           Power        Failure   Level  Hunger
a - Flame Tongue          Conj/Fire      #....        11%         1    None

Your spell library contained the following spells:

 Spells                   Type           Power        Failure   Level  Hunger
 Mephitic Cloud           Conj/Pois/Air  #.......     36%         3    ###....


Dungeon Overview and Level Annotations

Branches:
Dungeon (1/1)

Altars:


Innate Abilities, Weirdness & Mutations

You have a pair of small horns on your head.


Message History

You open the door.
An ogre comes into view. It is wielding a +0 giant spiked club.
The ogre shouts!
Casting: Flame Tongue (safe; 11% risk of failure)
Confirm with . or Enter, or press ? or * to list all spells.
Aiming: Flame Tongue (safe; 11% risk of failure)
Press: ? - help, Shift-Dir - straight line, f - ogre
Aim: an ogre, wielding a +0 giant spiked club The flame tongue hits the ogre.
The ogre is lightly wounded.
Casting: Flame Tongue (safe; 11% risk of failure)
Confirm with . or Enter, or press ? or * to list all spells.
Aiming: Flame Tongue (safe; 11% risk of failure)
Press: ? - help, Shift-Dir - straight line, f/p - ogre
Aim: an ogre, wielding a +0 giant spiked club (lightly wounded)
The flame tongue hits the ogre.
The ogre is moderately wounded.
The ogre hits you with a +0 giant spiked club!!
Ouch! That really hurt!
You die...

##########
#<.#.@O..#
#..').#..+
#..#### +#
#..# #..#
#..# #⌠⌠#
####


You could see an ogre.

Vanquished Creatures
  Ijyb (D)
1 creature vanquished.

Notes
Turn   | Place    | Note
-------+----------+-------------------------------------------
     0 | D        | Chiseanne the Demonspawn Wanderer began the quest for the
                  | Orb.
     0 | D        | Chiseanne set off with the following items: a +0 club, a +0
                  | robe, a +0 shield, a potion of curing, a ration, a potion
                  | of heal wounds, a potion of haste, 2 potions of magic, a
                  | potion of berserk rage, a scroll of blinking; and the
                  | following spell memorised: Flame Tongue; and the following
                  | spells available to memorise: Mephitic Cloud
     0 | D        | Reached XP level 1. HP: 13/13 MP: 1/1
     8 | D        | Noticed Ijyb
    19 | D        | Killed Ijyb
    19 | D        | Reached skill level 3 in Spellcasting
    19 | D        | Gained mutation: You have a pair of small horns on your
                  | head. [demonic ancestry]
    19 | D        | Reached XP level 2. HP: 21/23 MP: 1/6
   161 | D        | Noticed an ogre
   163 | D        | Mangled by an ogre

Skill      XL: |  1 |
---------------+----+-----
Fighting       | 2 |  2.9
Spellcasting   | 3 |  3.9
Crossbows      | |  1.7
Throwing       | |  1.0
Armour         | |  1.0
Shields        | |  1.0
Conjurations   | |  2.0
Transmutations | |  2.6

Action                   || total
-------------------------++-------
Melee: Club              ||     8
 Cast: Flame Tongue      ||     2
  Use: Potion            ||     2
Armor: Robe              ||     1
Dodge: Dodged            ||     3
